[Event "*** Titled Tuesday Blitz"]
[Site "Chess.com"]
[Date "2020.12.29"]
[Round "6"]
[White "ShahMatKanal"]
[Black "DavidEgglestonIM"]
[Result "1/2-1/2"]
[WhiteElo "2444"]
[BlackElo "2582"]
[TimeControl "180+1"]
[EndTime "11:07:13 PST"]
[Termination "Game drawn by stalemate"]

1. d4 Nf6 2. c4 e6 3. a3 d5 4. cxd5 exd5 5. Nc3 c6 6. Bg5 Bf5 7. e3 Nbd7 8. Bd3 Bxd3 9. Qxd3 g6 10. Nf3 Bg7 11. O-O O-O 12. Ne5 Re8 13. f4 Qb6 14. b4 a5 15. Na4 Qa6 16. Qxa6 Rxa6 17. Nc5 Nxc5 18. bxc5 Ne4 19. Bh4 f6 20. Nd7 Nd2 21. Rfe1 Kf7 22. Nb6 a4 23. Ra2 Nb3 24. Rb2 g5 25.
fxg5 fxg5 26. Bf2 Na5 27. Nxa4 Re7 28. Nb6 Kg6 29. Nc8 Rd7 30. Nd6 Ra7 31. e4 dxe4 32.
Rxe4 h5 33. Re6+ Kh7 34. h4 gxh4 35. Rbe2 Nb3 36. R2e4 Rxa3 37. Rxh4 Ra8 38. Rxh5+ Kg8 39. Nf5 Re8 40. Rxe8+ Kf7 41. Nd6+ Rxd6 42. cxd6 Kxe8 43.
Rh7 Bxd4 44. Re7+ Kd8 45. Rxb7 Bxf2+ 46. Kxf2 Nc5 47. Rc7 Ne4+ 48. Kf3 Nxd6 49. Rxc6 Kd7 50. Rxd6+ Kxd6 51. Kf4 Ke6 52. Kg5 Kf7 53. Kh6 Kf6 54.
g4 Kf7 55. g5 Kg8 56. Kg6 Kh8 57. Kh6 Kg8 58. g6 Kh8 59. g7+ Kg8 60. Kg6 1/2-1/2

[Event "*** Titled Tuesday Blitz"]
[Site "Chess.com"]
[Date "2020.12.29"]
[Round "6"]
[White "SHIVACalypso"]
[Black "annacramling"]
[Result "1-0"]
[WhiteElo "2474"]
[BlackElo "2087"]
[TimeControl "180+1"]
[EndTime "11:07:13 PST"]
[Termination "SHIVACalypso won by resignation"]

1. Nf3 c5 2. c4 Nc6 3. g3 g6 4. Bg2 Bg7 5. O-O e5 6. Nc3 d6 7. Ne1 Be6 8. Nd5 Nge7 9. Nc2 O-O 10. d3 f5 11. a3 a5 12. Rb1 Rb8 13. b4 axb4 14. axb4 b5 15. bxc5 bxc4 16. Nxe7+ Nxe7 17. Rxb8 Qxb8 18. cxd6 Qxd6 19. Ba3 Qc7 20. dxc4 Bxc4 21.
Ne3 Be6 22. Nd5 Bxd5 23. Bxd5+ Kh8 24. Qb3 Rb8 25. Qa2 Nxd5 26. Qxd5 Rd8 27. Qe6 e4 28. Rc1 Qb7 29. h4 Qa7 30. Bc5 Qb7 31. h5 Qb2 32. Be3 Qf6 33. Qc4 gxh5 34. Rb1 h4 35. Qc7 hxg3 36.
fxg3 Re8 37. Kf2 Qg6 38. Qd7 Rf8 39. Rb7 Bh6 40. Bd4+ Kg8 41. Qd5+ Qf7 42. Rxf7 Rxf7 43. Qe6 Bf8 44. Be5 f4 45. Bxf4 Kg7 46. Qxe4 Kg8 47. Qe6 Bg7 48. Kg2 Bf8 49. Be5 h5 50. Kh3 Bg7 51.
Bxg7 Kxg7 52. Qe5+ Kg6 53. Kh4 Rf5 54. Qxf5+ Kxf5 55. Kxh5 Ke4 56. g4 Ke5 57. g5 Ke6 58. g6 Ke7 59.
Kh6 Kf8 60. Kh7 Ke7 61. g7 Ke8 62. g8=Q+ Ke7 1-0

[Event "*** Titled Tuesday Blitz"]
[Site "Chess.com"]
[Date "2020.12.29"]
[Round "6"]
[White "Itk04"]
[Black "Chernov_Alexander_A"]
[Result "0-1"]
[WhiteElo "2453"]
[BlackElo "2318"]
[TimeControl "180+1"]
[EndTime "11:07:13 PST"]
[Termination "Chernov_Alexander_A won by resignation"]

1. e4 e5 2. Nf3 Nc6 3. Bb5 Bc5 4. O-O Nd4 5. Nxd4 Bxd4 6. c3 Bb6 7. d4 c6 8. Ba4 d6 9. dxe5 dxe5 10. Qxd8+ Bxd8 11. Be3 Bb6 12. Bxb6 axb6 13. Bb3 Nf6 14. Nd2 Ke7 15. f3 Be6 16. Bxe6 Kxe6 17. Nc4 b5 18.
Ne3 g6 19. Rfd1 Rhd8 20. a3 Nd7 21. Kf2 Nc5 22. Ke2 Na4 23. Rxd8 Rxd8 24. Rd1 Rxd1 25. Nxd1 f5 26. exf5+ gxf5 27. Kd2 h5 28. b3 Nb6 29.
Nf2 Nd5 30. Nd3 b6 31. Nb4 Kd6 32. g3 Nf6 33. Ke3 c5 34. Nd3 Nd5+ 35. Kd2 c4 36.
bxc4 bxc4 37. Nb4 Nxb4 38. axb4 Kc6 39. Ke3 Kb5 40. h3 Ka4 41. g4 fxg4 42. fxg4 hxg4 43. hxg4 Kb3 44. Kd2 e4 45. g5 e3+ 46. Kxe3 Kxc3 47. g6 Kb2 48. g7 c3 49. g8=Q c2 50. Qg7+ Kb1 51. Qg6 Kb2 52. Qf6+ Kb1 53. Qf5 Kb2 54. Qe5+ Kb1 55. Qe4 Kb2 56. Qd4+ Kb1 57. Qd3 Kb2 58. Qd2 Kb1 59. Qd3 Kb2 60. Qd4+ Kb1 61. Qxb6 c1=Q+ 62. Kd4 Qg1+ 63. Kc4 Qxb6 0-1

[Event "*** Titled Tuesday Blitz"]
[Site "Chess.com"]
[Date "2020.12.29"]
[Round "6"]
[White "Vyacheslav_N"]
[Black "winniethepooh04"]
[Result "1-0"]
[WhiteElo "2432"]
[BlackElo "2234"]
[TimeControl "180+1"]
[EndTime "11:07:17 PST"]
[Termination "Vyacheslav_N won by resignation"]

1. e4 c5 2. Nf3 d6 3. d4 cxd4 4. Nxd4 Nf6 5. f3 a6 6. c4 g6 7. Nc3 Bg7 8. Be3 O-O 9. Qd2 Nc6 10. Rc1 Bd7 11. Be2 Nxd4 12. Bxd4 Rc8 13. b4 e5 14. Be3 Be6 15. O-O Bxc4 16. Bxc4 Rxc4 17. Rfd1 Rc6 18. a4 Nh5 19. b5 axb5 20. axb5 Rc8 21. g3 Qe7 22. Qxd6 Qxd6 23. Rxd6 f5 24. Nd5 Rxc1+ 25. Bxc1 fxe4 26. fxe4 Nf6 27. Rb6 Nxd5 28. exd5 e4 29. Rxb7 Bd4+ 30. Kg2 e3 31. Re7 Rf2+ 32. Kh3 e2 33. Bh6 Bc5 34. Re6 Bb4 35. b6 e1=Q 36.
b7 Qf1+ 37. Kg4 Qc4+ 38. Kh3 Qc7 39. Re8+ Kf7 40. b8=Q Qxb8 41. Rxb8 Bd6 42. Rb7+ Kf6 43. Rxh7 Ke5 44. Bf4+ Kxd5 45. Rd7 Rxf4 46. gxf4 Ke6 47. Rxd6+ Kxd6 48. Kg4 Ke6 49. Kg5 Kf7 50. h4 Kg7 51. h5 gxh5 52. f5 Kf7 53. Kxh5 Kf6 54. Kg4 Kf7 55. Kg5 Kg7 56. f6+ Kf7 57. Kf5 Kf8 58.
Ke6 Ke8 59. Ke5 Kf8 60. Kf5 Kf7 61. Kg5 Kf8 62. Kg6 Kg8 63. Kf5 Kf8 64. Ke5 Ke8 65. Ke6 Kf8 66. f7 1-0

[Event "*** Titled Tuesday Blitz"]
[Site "Chess.com"]
[Date "2020.12.29"]
[Round "6"]
[White "Zhigalko_Sergei"]
[Black "Ermito2020"]
[Result "1-0"]
[WhiteElo "2859"]
[BlackElo "2648"]
[TimeControl "180+1"]
[EndTime "11:07:19 PST"]
[Termination "Zhigalko_Sergei won on time"]

1. e4 c6 2. d4 d5 3. e5 Bf5 4. Nf3 e6 5. Be2 Ne7 6. O-O c5 7. dxc5 Nec6 8. Be3 Nd7 9. c4 dxc4 10. Na3 Bxc5 11. Nxc4 O-O 12. Qc1 Qc7 13. Bxc5 Nxc5 14. Qe3 Nd7 15. Rac1 Bg4 16. Rfe1 Rad8 17. h3 Bh5 18. a3 Qb8 19. Ng5 Bxe2 20. Qe4 g6 21. Rxe2 Ndxe5 22. Nxe5 Qxe5 23. Qxe5 Nxe5 24. Rxe5 f6 25.
Rb5 fxg5 26. Rxb7 Rd2 27. Rxa7 Rxb2 28. f3 Rf7 29. Ra5 h6 30. Re1 Rd7 31. Rxe6 Rdd2 32. Rxg6+ Kf7 33. Rc6 Rxg2+ 34. Kh1 Rgc2 35. Ra7+ Kg8 36.
Rxc2 Rxc2 37. a4 Rf2 38. a5 Rxf3 39. Kg2 Ra3 40. a6 Kh8 41. Kf2 Kg8 42. Ke2 h5 43. Kf2 Kh8 44. Kg2 Kg8 45. Kg1 Kh8 46. Kf2 Kg8 47.
Ke2 Kh8 48. Kd2 g4 49. hxg4 hxg4 50. Ke2 g3 51. Kf1 Kg8 52. Kg1 Ra2 53. Rb7 Rxa6 54. Kg2 Ra3 55. Rb4 Kf8 56. Rf4+ Ke7 57. Rf3 1-0

[Event "*** Titled Tuesday Blitz"]
[Site "Chess.com"]
[Date "2020.12.29"]
[Round "6"]
[White "Arseniy_Nesterov"]
[Black "VerdeNotte"]
[Result "1-0"]
[WhiteElo "2796"]
[BlackElo "2885"]
[TimeControl "180+1"]
[EndTime "11:07:20 PST"]
[Termination "Arseniy_Nesterov won by resignation"]

1. d4 Nf6 2. c4 g6 3. Nc3 Bg7 4. e4 d6 5. Be2 O-O 6. Be3 e5 7. d5 Na6 8. g4 Nc5 9. f3 a5 10.
h4 h5 11. g5 Nfd7 12. Qd2 a4 13. Nh3 Nb6 14. Nf2 Bd7 15. O-O-O a3 16. b3 Na6 17. Nd3 c5 18. dxc6 bxc6 19. c5 d5 20. cxb6 d4 21. Nxe5 dxe3 22. Qxd7 Bxe5 23. Qxd8 Raxd8 24. Rxd8 Rxd8 25. Bxa6 Bxc3 26. Rd1 Bd2+ 27. Kc2 Kf8 28.
b7 Ke7 29. f4 Kd6 30. Kd3 Kc7+ 31. Ke2 Rf8 32. Rf1 Kb6 33. Bc4 Kxb7 34. f5 gxf5 35.
Rxf5 Re8 36. e5 Rd8 37. Bxf7 Rd4 38. e6 Re4 39. g6 Bc3 40. Rxh5 Kc7 41. Rg5 Bg7 42.
h5 Kd6 43. Rg3 Rh4 44. Rxe3 Ke7 45. Rd3 Rh2+ 46. Kf3 Rh3+ 47. Ke2 Rh2+ 48. Ke3 Bh6+ 49. Kf3 Rh3+ 50. Ke4 Rh4+ 51. Kf3 Rh3+ 52. Ke2 Rh2+ 53. Kd1 Rxa2 54. Rd7+ Kf6 55. e7 Ra1+ 56. Kc2 Re1 57. e8=Q Rxe8 58. Bxe8 a2 59. Ra7 Kg5 60. Rxa2 Bg7 61.
Bf7 Kh6 62. Ra6 c5 63. Rc6 Bd4 64. Kd3 Kg7 65. Kc4 Be3 66. Rxc5 Bxc5 67. Kxc5 1-0

[Event "*** Titled Tuesday Blitz"]
[Site "Chess.com"]
[Date "2020.12.29"]
[Round "6"]
[White "noblerone"]
[Black "Tagliata"]
[Result "1-0"]
[WhiteElo "2449"]
[BlackElo "2300"]
[TimeControl "180+1"]
[EndTime "11:07:20 PST"]
[Termination "noblerone won by checkmate"]

1. d4 d5 2. Nf3 e6 3. Bg5 Be7 4. Bxe7 Qxe7 5. Nbd2 f5 6. Ne5 Nf6 7. e3 Nbd7 8. Ndf3 O-O 9. Bd3 c6 10. O-O Nxe5 11. Nxe5 Nd7 12. Nf3 e5 13. dxe5 Nxe5 14. c3 Bd7 15. Be2 Rae8 16. Qd4 Ng4 17. h3 Nf6 18.
Rae1 a6 19. Qb6 Bc8 20. a4 Ne4 21. b4 Nxc3 22. b5 axb5 23. axb5 Qd7 24. Qc5 Ne4 25. Qd4 c5 26. Qb2 b6 27. Rd1 Bb7 28. Bd3 Qf7 29.
Ra1 Ra8 30. Rfd1 Qc7 31. Nh4 f4 32. Rxa8 Bxa8 33. Bxe4 dxe4 34. Qa2+ Kh8 35. Qe6 fxe3 36. fxe3 Qg3 37. Nf5 Qg6 38. Qxg6 hxg6 39. Ne7 Kh7 40. Rd6 Rf6 41. Rd8 Bb7 42. Rb8 Rf7 43. Rxb7 c4 44. Rxb6 Rxe7 45. Rc6 Rb7 46. Rxc4 Rxb5 47.
Rxe4 Kh6 48. Kf2 g5 49. Kf3 Kg6 50. Re6+ Kf5 51. Ra6 Rc5 52. g4+ Ke5 53. Rg6 Rc7 54. Rxg5+ Kf6 55. Rf5+ Ke6 56. h4 g6 57. Ra5 Kf6 58. h5 Kg7 59. Rg5 Kf7 60. Rxg6 Rc1 61.
Kf4 Rd1 62. e4 Rf1+ 63. Kg5 Ra1 64. e5 Re1 65. e6+ Kf8 66. Rf6+ Kg7 67. Rf7+ Kg8 68. Kf5 Rf1+ 69. Kg6 Re1 70. Rf6 Re2 71. g5 Re1 72. h6 Re2 73. h7+ Kh8 74. Rf8# 1-0

[Event "*** Titled Tuesday Blitz"]
[Site "Chess.com"]
[Date "2020.12.29"]
[Round "6"]
[White "Euge_chess"]
[Black "Walter_White_Poland"]
[Result "0-1"]
[WhiteElo "2076"]
[BlackElo "2324"]
[TimeControl "180+1"]
[EndTime "11:07:20 PST"]
[Termination "Walter_White_Poland won on time"]

1. e4 e5 2. Nf3 Nc6 3. Nc3 Nf6 4. Bb5 Bb4 5. O-O O-O 6. d3 Bxc3 7. bxc3 d6 8. Re1 Bd7 9. d4 Qe7 10. Bxc6 Bxc6 11.
d5 Bd7 12. h3 h6 13. c4 b6 14. Nh2 Nh7 15. Qd3 f5 16. exf5 Bxf5 17. Qe2 Qf7 18. g4 Bd7 19. Be3 Qg6 20. f3 Ba4 21. Rac1 Rae8 22. Nf1 Ng5 23. Bxg5 Qxg5 24. Ng3 g6 25. Ne4 Qf4 26. Rf1 Kg7 27. Qh2 Qxh2+ 28. Kxh2 Rf4 29. Kg2 Ref8 30. Rf2 Bd7 31. Re1 h5 32. Re3 hxg4 33. hxg4 Rh8 34. Ra3 a5 35. c5 dxc5 36. d6 cxd6 37.
Nxd6 Bc6 38. Kg3 Rhf8 39. Rb3 Rb4 40. Re3 Rd4 41. Ne4 Bxe4 42. fxe4 Rxf2 43. Kxf2 Rd2+ 44.
Kf3 Rxc2 45. a3 Rb2 46. Rd3 a4 47. g5 Rb3 48. Ke3 Rxd3+ 49. Kxd3 b5 50. Kc3 Kf7 51. Kd3 Ke6 52. Kc3 Kd6 53. Kd3 Kc6 54. Kc3 Kb6 55. Kd3 Ka5 56. Kc3 b4+ 57. Kc4 bxa3 58. Kxc5 a2 59.
Kd5 a1=Q 60. Ke6 Qd4 61. Kf6 Qxe4 0-1

[Event "*** Titled Tuesday Blitz"]
[Site "Chess.com"]
[Date "2020.12.29"]
[Round "6"]
[White "brunomorado"]
[Black "AdarshIsMe"]
[Result "1/2-1/2"]
[WhiteElo "2417"]
[BlackElo "2204"]
[TimeControl "180+1"]
[EndTime "11:07:23 PST"]
[Termination "Game drawn by repetition"]

1. d4 Nf6 2. Nc3 d5 3. Bg5 Nbd7 4. Qd3 e6 5. e4 dxe4 6. Nxe4 Be7 7. Bxf6 Nxf6 8. g3 O-O 9. Bg2 Bd7 10. Ne2 Bc6 11. Nxf6+ Bxf6 12. Bxc6 bxc6 13. c3 c5 14. Rd1 Qd5 15.
O-O cxd4 16. Nxd4 Qxa2 17. b4 Rfd8 18. Qe4 Qd5 19. Qxd5 Rxd5 20. Nc6 Kf8 21. c4 Rd6 22. b5 Ke8 23. Ra1 Bxa1 24. Rxa1 Kd7 25. Nxa7 Rd4 26. c5 e5 27. b6 cxb6 28. c6+ Ke6 29. Ra6 Rc4 30.
c7 Rxc7 31. Rxb6+ Kf5 32. Nb5 Rd7 33. Nd6+ Ke6 34. Ne4+ Kd5 35. Ng5 h6 36. Nf3 e4 37.
Nh4 g6 38. h3 Ra2 39. Ng2 Kc5 40. Rb1 Re7 41. Ne3 Kd4 42. Rd1+ Ke5 43. Rd5+ Ke6 44. Rb5 Ra1+ 45. Kg2 f5 46. h4 Kf6 47. Nd5+ Kf7 48. Nxe7 Kxe7 49. Rb6 Kf7 50. h5 gxh5 51. Rxh6 Ra2 52.
Rxh5 Kg6 53. Rh4 e3 54. Kf3 exf2 55. Rh1 Kg5 56. Rf1 Ra3+ 57. Kxf2 Ra2+ 58. Kf3 Ra3+ 59. Kg2 Ra2+ 60. Kh3 Ra3 61. Rf4 Ra1 62. Rb4 Rh1+ 63.
Kg2 Ra1 64. Rb8 Ra2+ 65. Kh3 Ra1 66. Rg8+ Kf6 67. Rf8+ Kg5 68. Rg8+ Kf6 69. Kg2 Ra2+ 70.
Kh3 Ra1 1/2-1/2

[Event "*** Titled Tuesday Blitz"]
[Site "Chess.com"]
[Date "2020.12.29"]
[Round "6"]
[White "Vusatiuk_Vladimir"]
[Black "Moon_stone123"]
[Result "1-0"]
[WhiteElo "2312"]
[BlackElo "2428"]
[TimeControl "180+1"]
[EndTime "11:07:24 PST"]
[Termination "Vusatiuk_Vladimir won by resignation"]

1. d4 Nf6 2. c4 g6 3. Nc3 Bg7 4. e4 d6 5. Be2 O-O 6. Bg5 c5 7.
d5 h6 8. Be3 e6 9. Qd2 Kh7 10.
f3 exd5 11. cxd5 a6 12. a4 Qa5 13. g4 Nfd7 14. h4 b5 15. h5 g5 16. Nh3 Ne5 17.
Kf2 Nbd7 18. axb5 Qb6 19. Kg2 Nf6 20. bxa6 Bxa6 21. Rab1 Bxe2 22. Qxe2 Rfb8 23. b4 Qa6 24. Qxa6 Rxa6 25. bxc5 Rxb1 26. Rxb1 dxc5 27. Bxc5 Nd3 28. Bd4 Ra3 29. Rd1 Nb4 30. d6 Nc2 31. Nb5 Rb3 32.
Nc7 Nd7 33. Bf2 Rb2 34. Rd2 Bc3 35. Re2 Be5 36. Nd5 Bxd6 37. Bd4 Ra2 38. Nc3 Nxd4 39. Rxa2 Be5 40. Rd2 Nf6 41. Ne2 Ne6 42. Ng3 Kg8 43. Nf5 Bc3 44. Rc2 Be5 45. Nxh6+ Kh7 46. Nf5 Nd4 47. Rc5 Nxf5 48. Rxe5 Ne3+ 49. Kf2 Nc4 50. Rc5 Nd6 51. Nxg5+ Kh6 52. Nxf7+ Nxf7 53. Rf5 Kg7 54. h6+ Nxh6 55. Ra5 Nf7 56. Kg3 Nh7 57. Kf4 Nf8 58. Ra6 Ng6+ 59. Kg3 Nf8 60. f4 Ng6 61. e5 Nf8 62. Ra7 Kg6 63. f5+ Kg7 64. e6 Kg8 65. Rxf7 Nh7 66. Rxh7 Kf8 67. e7+ Kg8 68. e8=Q+ Kxh7 69. Qg6+ Kh8 70. Qg5 Kh7 71. Kf4 1-0

[Event "*** Titled Tuesday Blitz"]
[Site "Chess.com"]
[Date "2020.12.29"]
[Round "6"]
[White "Kolle05"]
[Black "carloseduar100"]
[Result "1/2-1/2"]
[WhiteElo "2395"]
[BlackElo "2129"]
[TimeControl "180+1"]
[EndTime "11:07:25 PST"]
[Termination "Game drawn by repetition"]

1. e4 e6 2. d4 d5 3. Nd2 c5 4. Ngf3 Nc6 5. exd5 Qxd5 6. Bc4 Qd7 7. dxc5 Bxc5 8. O-O Nf6 9. a4 O-O 10. b3 Nd4 11.
Bb2 Rd8 12. Nxd4 Bxd4 13. Bxd4 Qxd4 14. Nf3 Qb6 15. Qe2 Bd7 16. Ne5 Bc6 17. a5 Qc7 18. Nxc6 Qxc6 19. Rfd1 a6 20. h3 h6 21. Rxd8+ Rxd8 22. Rd1 Rxd1+ 23. Qxd1 Qd7 24. Qxd7 Nxd7 25. Be2 Kf8 26. Bf3 b6 27. Bc6 Ne5 28. Bb7 bxa5 29. Bxa6 Ke7 30. f4 Nc6 31. Bc4 Kd6 32. Kf2 f6 33.
Ke3 e5 34. g3 Kc5 35. Bf7 Nd4 36. c3 Nf5+ 37. Kf3 e4+ 38. Kf2 Nd6 39. Be6 Nb5 40. b4+ axb4 41. cxb4+ Kxb4 42. Ke3 Nd6 43. Kd4 Kb5 44.
g4 Kc6 45. Bd5+ Kd7 46. Bxe4 g5 47. fxg5 fxg5 48. Bd5 Ke7 49. Ke5 Ne8 50. Kf5 Nf6 51. Bb3 h5 52. gxh5 Nxh5 53. Kxg5 Ng7 54. Kg6 Ne8 55.
h4 Nf6 56. Kg5 Nh7+ 57. Kg6 Nf6 58. Ba2 Ng4 59. h5 Kf8 60. Be6 Ne5+ 61. Kf6 Nd7+ 62. Kg6 Ne5+ 63. Kh7 Nf7 64. Kg6 Ne5+ 1/2-1/2

[Event "*** Titled Tuesday Blitz"]
[Site "Chess.com"]
[Date "2020.12.29"]
[Round "6"]
[White "vanyakuba"]
[Black "orestn"]
[Result "0-1"]
[WhiteElo "2453"]
[BlackElo "2346"]
[TimeControl "180+1"]
[EndTime "11:07:27 PST"]
[Termination "orestn won by resignation"]

1. e4 e5 2. Nf3 Nc6 3. Bb5 a6 4. Ba4 Nf6 5. d3 d6 6. c3 Be7 7. Nbd2 O-O 8. Nf1 h6 9. Ng3 Re8 10. h3 b5 11. Bb3 Bf8 12. O-O Bb7 13. Re1 Ne7 14. a4 Ng6 15. Nf5 c5 16. axb5 axb5 17. Rxa8 Bxa8 18. Nh2 d5 19. Ng4 c4 20. Bc2 dxe4 21.
Nxf6+ Qxf6 22. dxe4 Nf4 23. Qf3 g6 24. Ne3 h5 25.
Kf1 Qe6 26. Qg3 Bg7 27. h4 Rd8 28. Rd1 Rxd1+ 29. Nxd1 Qd6 30. Qf3 Bc6 31. Ne3 Nd3 32. Qd1 Qd7 33. f3 Bf6 34. Ke2 Nxc1+ 35. Qxc1 Bxh4 36.
Qh1 Bg5 37. Qg1 Qa7 38. g3 Bxe3 39. Qxe3 Qxe3+ 40. Kxe3 f6 41. b3 Kf7 42. bxc4 bxc4 43.
Bb1 Bd7 44. Ba2 Be6 45. Kd2 Ke7 46. Ke3 Kd6 47. Kf2 Kc5 48. Ke3 g5 49. Bb1 Kb5 50. Bc2 Ka5 51. Kf2 Kb5 52. Ke3 Kc5 53. Kf2 Kd6 54.
Ke3 Ke7 55. Kf2 Kf7 56. Ke3 Kg6 57. Kf2 f5 58. Ke3 f4+ 59. Kf2 fxg3+ 60. Kxg3 h4+ 61.
Kg2 g4 62. fxg4 Bxg4 63. Kf2 Kg5 64. Ba4 Kf4 65. Bb5 Be6 66. Bc6 h3 67. Bb7 Bg4 68. Bd5 Bf3 69. Bxc4 h2 0-1

[Event "*** Titled Tuesday Blitz"]
[Site "Chess.com"]
[Date "2020.12.29"]
[Round "6"]
[White "mshuaau0"]
[Black "anon481216"]
[Result "1/2-1/2"]
[WhiteElo "2218"]
[BlackElo "2407"]
[TimeControl "180+1"]
[EndTime "11:07:27 PST"]
[Termination "Game drawn - insufficient material"]

1. e4 c5 2. Nf3 Nf6 3. Nc3 d5 4. exd5 Nxd5 5. Bb5+ Bd7 6. Bxd7+ Qxd7 7. O-O Nc6 8. Nxd5 Qxd5 9. d3 g6 10. Re1 Bg7 11. Qe2 O-O 12. Qe4 Rfd8 13. Qxd5 Rxd5 14. Rb1 e6 15. Bd2 Nb4 16. Bxb4 cxb4 17. Re4 a5 18.
Rc4 Rad8 19. Kf1 h6 20. h4 f5 21. a3 Bf8 22. axb4 Bxb4 23. c3 Bc5 24. d4 Bd6 25. Ra4 Rb5 26. c4 Rb4 27. Rxb4 Bxb4 28. Ke2 g5 29. hxg5 hxg5 30. Rd1 g4 31. Ne5 Bd6 32.
Nd3 b6 33. f3 gxf3+ 34. gxf3 Kf7 35. f4 Rh8 36. Rf1 Rh2+ 37. Rf2 Rh1 38. Kf3 Rd1 39.
Ke3 a4 40. Rc2 Rh1 41. c5 bxc5 42. dxc5 Bc7 43. Kd4 Rh4 44. Ke3 Ke7 45. Rc4 e5 46. Rxa4 exf4+ 47. Kf3 Rh3+ 48. Ke2 Re3+ 49. Kd2 Re4 50.
Ra7 Kd8 51. b4 f3 52. b5 Re2+ 53. Kc3 f2 54. Ra1 f4 55. Rf1 Be5+ 56. Nxe5 Rxe5 57. Kd4 Re2 58. b6 Rb2 59. Ke4 Kd7 60. Kxf4 Kc6 61.
Kf3 Kxc5 62. Rxf2 Rxf2+ 63. Kxf2 Kxb6 1/2-1/2

[Event "*** Titled Tuesday Blitz"]
[Site "Chess.com"]
[Date "2020.12.29"]
[Round "6"]
[White "Ajedrez_con_German"]
[Black "AniJak"]
[Result "1-0"]
[WhiteElo "2529"]
[BlackElo "2349"]
[TimeControl "180+1"]
[EndTime "11:07:29 PST"]
[Termination "Ajedrez_con_German won on time"]

1. d4 d5 2. Bf4 Nf6 3. e3 e6 4. Nf3 Nh5 5. Bg5 f6 6. Bh4 g6 7. Be2 Ng7 8. c4 Nf5 9. Bg3 Nxg3 10. hxg3 Bg7 11. Nc3 c6 12. Qc2 Na6 13. a3 Nc7 14.
Rxh7 Kf7 15. Rxh8 Qxh8 16. O-O-O Bd7 17. Nh4 f5 18. Nf3 Qf8 19. Ng5+ Ke7 20. Qb3 b6 21. Kb1 dxc4 22. Bxc4 Bh6 23. Nf3 Bg7 24. Rh1 b5 25.
Qb4+ Kf7 26. Qxf8+ Rxf8 27. Be2 Kg8 28. Na2 a5 29.
Nc1 Nd5 30. Nd3 Bc8 31. Nfe5 Ne7 32. Rc1 Bb7 33. Nd7 Rd8 34. N7c5 Bc8 35. Bf3 g5 36. g4 fxg4 37. Bxg4 Kf7 38. Rh1 Nd5 39. Bh5+ Kf8 40. Bg4 Kf7 41. Bh5+ Kf8 42. Bf3 Kf7 43. Rc1 Bf8 44.
Ne5+ Kg8 45. Nxc6 Rd6 46. Ne5 b4 47. Ne4 Rd8 48. a4 Be7 49. Nc5 Bxc5 50. Rxc5 Ba6 51. Bxd5 exd5 52. Rxa5 Bf1 53. g3 Rf8 54. f4 gxf4 55.
gxf4 Rc8 56. Rxd5 Bg2 57. Rc5 Ra8 58. b3 Be4+ 59. Kb2 Kg7 60. Rc7+ Kf6 61. Rc4 Rh8 62. Rxb4 Rh2+ 63. Ka3 Bb1 64. Rb6+ Kf5 65. Nc4 Ke4 66. Kb4 Bd3 67. a5 1-0

[Event "*** Titled Tuesday Blitz"]
[Site "Chess.com"]
[Date "2020.12.29"]
[Round "6"]
[White "Son_of_Sultan"]
[Black "yuki_chess123"]
[Result "1-0"]
[WhiteElo "2549"]
[BlackElo "2209"]
[TimeControl "180+1"]
[EndTime "11:07:30 PST"]
[Termination "Son_of_Sultan won by resignation"]

1. d4 g6 2. Nf3 Bg7 3. g3 Nf6 4.
Bg2 O-O 5. O-O d6 6. b3 e5 7. dxe5 Ng4 8. Bb2 Nc6 9. c4 Ncxe5 10. Nc3 Nxf3+ 11. Bxf3 Re8 12. Qd2 Bh6 13. Qc2 Bf5 14. e4 Ne5 15. Bg2 Bd7 16. f4 Ng4 17. Nd5 Bg7 18.
Bxg7 Kxg7 19. Qb2+ f6 20. h3 c6 21. hxg4 cxd5 22.
cxd5 Bxg4 23. Qd4 Qb6 24. Qxb6 axb6 25. Rfc1 Rec8 26. a4 Kf7 27. Kf2 Ke7 28. Ke3 Bd7 29.
Bf1 Rc5 30. Rxc5 bxc5 31. Rc1 h5 32. Bd3 Rh8 33. e5 fxe5 34. fxe5 dxe5 35. Rxc5 Kd6 36. Rc1 Bf5 37. Be4 h4 38. Rh1 h3 39. Kf3 Rh6 40.
g4 Bxe4+ 41. Kxe4 g5 42. b4 h2 43. a5 Rh4 44. Kf5 Rh3 45. Kxg5 Kxd5 46. b5 Rb3 47. a6 bxa6 48. bxa6 Ra3 49. Rxh2 Rxa6 50. Kf5 e4 51. Rd2+ Kc4 52. Kxe4 Re6+ 53. Kf5 Re1 54.
Rg2 Rf1+ 55. Kg6 Kd5 56. Re2 Rg1 57. g5 Rg3 58. Kf6 Rg4 59. g6 Kd4 60. Kf7 Kd3 61.
Rf2 Rf4+ 62. Rxf4 Ke3 63. g7 Kxf4 64. g8=Q Kf5 65. Qg6+ 1-0

[Event "*** Titled Tuesday Blitz"]
[Site "Chess.com"]
[Date "2020.12.29"]
[Round "6"]
[White "AsaHoffmann"]
[Black "Brave_spirit12"]
[Result "0-1"]
[WhiteElo "2359"]
[BlackElo "2539"]
[TimeControl "180+1"]
[EndTime "11:07:30 PST"]
[Termination "Brave_spirit12 won by resignation"]

1. d4 Nf6 2. Bg5 e6 3. Nd2 Be7 4. e3 d5 5. Bd3 c5 6. c3 Nc6 7. f4 h6 8. Bh4 Qb6 9. Rb1 Bd7 10.
Ngf3 O-O 11. O-O Ng4 12. Qe2 Bxh4 13. Nxh4 Nf6 14. Nhf3 a5 15. Ne5 Rab8 16. a4 Nxe5 17. fxe5 Ne8 18. b3 f6 19. Nf3 f5 20. Qf2 Qc7 21. Qh4 cxd4 22. cxd4 Qc3 23. Rfd1 b5 24.
axb5 Bxb5 25. Bxb5 Rxb5 26. Qe1 Rxb3 27. Rxb3 Qxb3 28.
h3 a4 29. Rb1 Qd3 30. Rd1 Qb3 31. Rb1 Qc4 32. Rc1 Qa6 33. Qb4 Qd3 34. Kf2 f4 35. exf4 Rxf4 36. Rc8 Qg6 37. Qxa4 Rf8 38. Qd7 Kh7 39. Kg1 Rxf3 40. Qxe8 Qxe8 41. Rxe8 Rd3 42.
Rxe6 Rxd4 43. Rd6 Kg8 44. e6 Kf8 45. Rd7 Rd2 46. Rf7+ Kg8 47. Rd7 Kf8 48. Kh2 Rd3 49. h4 g5 50. hxg5 hxg5 51. g3 g4 52. Kg2 Rd2+ 53.
Kf1 d4 54. Ke1 Rd3 55. Ke2 Re3+ 56. Kf2 Rf3+ 57. Kg2 d3 58. Rd4 Re3 59. Rxg4 Ke7 60. Rd4 Kxe6 61. Kh3 Ke5 62. Rd8 Ke4 63. Kh4 Rf3 64.
Re8+ Kd4 65. g4 d2 66. Rd8+ Kc3 67. Rc8+ Kd3 68. Rd8+ Ke2 69. Re8+ Re3 70. Rd8 Rd3 71.
Re8+ Kf2 72. Rf8+ Kg2 0-1

[Event "*** Titled Tuesday Blitz"]
[Site "Chess.com"]
[Date "2020.12.29"]
[Round "6"]
[White "TengisChess"]
[Black "Pertinhez76"]
[Result "1-0"]
[WhiteElo "2413"]
[BlackElo "2117"]
[TimeControl "180+1"]
[EndTime "11:07:30 PST"]
[Termination "TengisChess won by resignation"]

1. d4 Nf6 2. c4 e5 3. dxe5 Ng4 4. Nf3 Bc5 5. e3 Nc6 6. g3 O-O 7. Bg2 Ngxe5 8. O-O d6 9. b3 Bg4 10. Nbd2 Qf6 11.
Rb1 Nd3 12. Ne4 Qg6 13. Qxd3 Nb4 14. Qc3 Qxe4 15. Bb2 f6 16. Nd4 Qd3 17. a3 Qxc3 18. Bxc3 Bxd4 19. exd4 Nc6 20. h3 Bh5 21. g4 Bg6 22.
Rbc1 Rfe8 23. Rfe1 Kf8 24. b4 a6 25. c5 dxc5 26.
bxc5 Rad8 27. d5 Rxe1+ 28. Rxe1 Ne7 29. Rd1 Bf7 30. d6 cxd6 31. cxd6 Nc6 32. d7 Be6 33. Bxc6 bxc6 34. Rd6 Kf7 35. Rxc6 Rxd7 36. Rxa6 Rd3 37. Bb4 Rxh3 38. Kg2 Rb3 39. f3 Bd5 40. Ra7+ Kg6 41. Bf8 Bxf3+ 42. Kg3 Bd5+ 43. Kf2 Bf7 44. a4 Rb2+ 45.
Kg3 Ra2 46. a5 h6 47. a6 Ra3+ 48. Bxa3 Bd5 49. Rb7 h5 50. Rb5 h4+ 51. Kxh4 Bc4 52. Ra5 Bd5 53. a7 Ba8 54. Rb5 Kf7 55. Rb8 Bf3 56. a8=Q Bxa8 57. Rxa8 Ke6 58. Ra7 g5+ 59. Kg3 Ke5 60. Bb2+ Ke4 61. Bxf6 Kd5 62. Bxg5 Ke6 63.
Bf4 Kd5 64. g5 Ke4 65. g6 Kf5 66. g7 Ke6 67. g8=Q+ Kf5 68. Qg5+ Ke4 69. Qe5+ Kd3 70. Rd7+ Kc2 71. Qc5+ Kb1 72. Rb7+ 1-0

[Event "*** Titled Tuesday Blitz"]
[Site "Chess.com"]
[Date "2020.12.29"]
[Round "6"]
[White "1f3_2g41-0"]
[Black "nitpicker"]
[Result "1-0"]
[WhiteElo "2432"]
[BlackElo "2257"]
[TimeControl "180+1"]
[EndTime "11:07:36 PST"]
[Termination "1f3_2g41-0 won by resignation"]

1. e4 d5 2. exd5 Qxd5 3. Nc3 Qd8 4. Nf3 Bg4 5. d4 Nf6 6. Bc4 e6 7. O-O c6 8. h3 Bxf3 9. Qxf3 Qxd4 10. Bb3 Nbd7 11. Rd1 Qb6 12. Bf4 Be7 13. Bg5 Rd8 14.
Qg3 O-O 15. Be3 Qa5 16. Rd4 c5 17. Rd2 b5 18. a4 c4 19. Ba2 b4 20. Ne2 Qxa4 21.
Rdd1 Qxc2 22. Nd4 Qg6 23. Qxg6 hxg6 24. Bxc4 Ne5 25. Bb3 Bc5 26. Nxe6 Rxd1+ 27. Rxd1 Bxe3 28. Nxf8 Bb6 29. Re1 Bc7 30. Rxe5 Bxe5 31. Nxg6 Bxb2 32. Ne7+ Kf8 33. Nc6 Bc3 34. Nxa7 Ne4 35. Nc6 Nd2 36. Na5 Bd4 37. Bc2 Ke7 38. Nb3 Bb6 39. Nxd2 Kd6 40.
Nb3 Kd5 41. Kf1 Kc4 42. Ke2 Kc3 43. Bd1 Ba7 44. g4 Bb6 45. f4 Ba7 46. f5 Bb6 47. Nd2 Bd8 48. Bb3 f6 49. Be6 Bc7 50. Ne4+ Kc2 51.
Nc5 Bd6 52. Nb3 Be5 53. h4 Bf4 54. Kf3 Bh6 55. Ke4 Kc3 56. Nc5 Bd2 57. Nb3 Bh6 58. Bf7 Kb2 59. Kd4 Ka3 60. Kc5 Bf4 61. Kc6 Bg3 62.
h5 Bf4 63. Kd7 Bh6 64. Ke7 Kb2 65. Kf8 Kc3 66. Kg8 Kd3 67. Kh7 Ke4 68. Kg6 Kf4 69.
Nc5 Kxg4 70. Nd3 Kf3 71. Nxb4 Kg4 72. Nc6 Kh4 73. Nd8 Kg4 74. Ne6 Kh4 75. Nxg7 Bg5 76.
h6 Bxh6 77. Kxh6 Kg4 78. Kg6 Kf4 79. Kxf6 Ke4 80. Kg6 Ke3 81. f6 Kd3 82. Be6 Ke4 83. f7 Ke3 84. f8=Q 1-0